 Dungeon Crawl Stone Soup version 0.31-a0-716-gc7603755dd (webtiles) character file.

Game seed: 3255368839905386666

2828 Xavori the Covert (level 9, -4/55 (61) HPs)
             Began as an Octopode Chaos Knight on Sept 10, 2023.
             Was a Plaything of Xom.
             Slain by a wight
             ... wielding a +3 short sword
              (5 damage)
             ... on level 6 of the Dungeon.
             The game lasted 00:07:34 (13442 turns).

Xavori the Covert (Octopode Chaos Knight)          Turns: 13442, Time: 00:07:36

HP:   -4/55 (61)    AC:  3    Str: 11      XL:     9   Next: 73%
MP:   18/18         EV: 15    Int: 12 (13) God:    Xom [*.....]
Gold: 217           SH:  6    Dex: 19      Spells: 8/8 levels left

rFire   . . .        a - +0 short sword (chaos)
rCold   + . .        A - +2 buckler
rNeg    . . .        (helmet currently unavailable)
rPois   .            (no amulet)
rElec   .            n - ring of magical power
rCorr   +            f - ring of resist corrosion
SInv    +            y - ring of wizardry
Will    ++...        (no ring)
Stlth   ++++++       (no ring)
HPRegen 0.00/turn    (no ring)
MPRegen 0.16/turn    (no ring)
                     (no ring)

%: wizardry (x1)
@: beast-form, inhibited regen, drained
A: beast (slay +2), almost no armour, amphibious, 8 rings, camouflage 1,
gelatinous body 1, (nimble swimmer 1), tentacles, iridescent scales 1, see
invisible, agile 1, cold resistance 1, strong-willed 2, inhibited regeneration,
wild magic 2
a: Begin Untransformation, Renounce Religion


You were on level 6 of the Dungeon.
You worshipped Xom.
You were a special plaything of Xom.
You were a hulking beast.
You visited 1 branch of the dungeon, and saw 7 of its levels.

You collected 338 gold pieces.
You spent 121 gold pieces at shops.

Inventory:

Hand Weapons
 a - a +0 short sword of chaos (weapon)
Armour
 A - a +2 buckler (worn)
Jewellery
 f - a ring of resist corrosion (right tentacle)
 n - a ring of magical power (left tentacle)
 y - a ring of wizardry (on tentacle)
Talismans
 q - a beast talisman (active)
 v - a talisman of death
Wands
 g - a wand of paralysis (2)
Scrolls
 b - a scroll of butterflies
 c - 4 scrolls of identify
 h - 3 scrolls of enchant armour
 j - 4 scrolls of teleportation
 m - 2 scrolls of noise {unknown}
 o - a scroll of vulnerability {unknown}
 p - 2 scrolls of enchant weapon {unknown}
 s - 2 scrolls of fog {unknown}
 t - a scroll of revelation {unknown}
 u - a scroll of summoning {unknown}
 w - a scroll of silence {unknown}
 B - a scroll of amnesia {unknown}
Potions
 d - 5 potions of lignification
 e - a potion of curing
 i - 3 potions of degeneration
 l - a potion of mutation
 r - a potion of enlightenment {unknown}
 x - a potion of might {unknown}
 z - a potion of haste {unknown}
 C - a potion of berserk rage {unknown}
Miscellaneous
 k - a phantom mirror


   Skills:
 + Level 5.3 Fighting
 + Level 6.1 Short Blades
 + Level 5.0 Dodging
 + Level 10.1 Stealth
 + Level 0.1 Shields
 * Level 5.3 Evocations
 * Level 4.4 Shapeshifting


You had 8 spell levels left.
You didn't know any spells.
Your spell library contained the following spells:

 Spells                   Type           Power      Damage    Failure   Level
 Blink                    Tloc           0%         N/A       41%         2
 Manifold Assault         Tloc           0%         N/A       92%         4


Dungeon Overview and Level Annotations

Branches:
Dungeon (7/15)             Temple (0/1) D:7

Altars:
Yredelemnul

Shops:
D:3 *


Innate Abilities, Weirdness & Mutations

You are a hulking beast.
Your limbs bulge with bestial killing power. (Slay +2)
You cannot wear most types of armour.
You are amphibious.
You can wear up to eight rings at the same time.
Your skin changes colour to match your surroundings (Stealth+).
Your rubbery body absorbs attacks. (AC +1, EV +1)
((You are camouflaged when in or above water. (Stealth+)))
You have tentacles for arms and can constrict up to eight enemies at once.
You are partially covered in iridescent scales. (AC +2)
You have supernaturally acute eyesight. (SInv)
You are agile. (Dex +4, Str/Int -1)
Your flesh is cold resistant. (rC+)
You are highly strong-willed. (Will++)
You do not regenerate when monsters are visible.
Your spells are harder to cast, but more powerful.


Message History

HP restored.
You climb downwards.
The wight closely misses you.
The wight hits you with a +3 short sword!
You feel drained.
There is a stone staircase leading up here.
You barely miss the wight. You grab the wight. You constrict the wight.
The wight hits you with a +0 short sword.
You feel drained.
The wight hits you with a +3 short sword!
You feel drained.
You barely miss the wight.
The wight is lightly damaged.
You constrict the wight. The wight misses you.
The wight hits you with a +3 short sword!
You are too injured to fight recklessly!
You are too injured to fight recklessly!
You hit the wight.
The wight is moderately damaged.
You constrict the wight, but do no damage.
The wight closely misses you.
You hit the wight but do no damage.
The wight easily resists.
You squeeze the wight.
The wight is heavily damaged.
You constrict the wight. The wight misses you.
You hit the wight but do no damage. You squeeze the wight!
The wight is almost destroyed.
You constrict the wight.
You destroy the wight!
The wight hits you with a +3 short sword!
* * * LOW HITPOINT WARNING * * *
You feel drained.
* * * LOW HITPOINT WARNING * * *
Your Dodging skill increases to level 5!
You closely miss the wight. You grab the wight.
Your tentacle-slap misses the wight.
You constrict the wight.
The wight hits you with a +3 short sword!
* * * LOW HITPOINT WARNING * * *
Xom roars with laughter!
You feel drained.
You die...

.......# ...............
.......####.# #.....)......
............###............
.......................####
.......####.###...##.#.#
.......####.###†..##.# #
................(..#.#.#
.......####.####.).#.#.#
.......# #h.[#.#.####
.......# ####z[.......
.......# #...[......##
.......# #..........#
.......# #..........#
.......# #......>...#
.......# ##..........#
.......# .............#
......## ###..........#


You could see a wight.

Vanquished Creatures
  Maggie (D:7)
  A polar bear (shapeshifter) (D:5)
  Duvessa (D:5)
  A black bear (D:7)
  3 ogres
  A centaur (D:5)
  A bullfrog (D:6)
  3 scorpions
  13 wights
  2 water moccasin zombies (D:3)
  Dowan (D:5)
  3 hounds
  A sleepcap (D:4)
  2 orc priests
  3 iguanas
  3 orc wizards (D:7)
  5 adders
  9 gnolls
  A dart slug (D:1)
  16 orcs
  4 ball pythons
  11 endoplasms
  2 giant cockroaches
  7 goblins
  10 hobgoblins
  2 quokkas
  8 bats
  3 frilled lizards
  2 giant cockroach zombies (D:3)
  9 kobolds
  A quokka zombie (D:3)
  4 rats
134 creatures vanquished.

Vanquished Creatures (collateral kills)
  A wyvern (D:7)
  An ogre (D:4)
  An orc wizard (D:7)
  An ufetubus (D:4)
  An orc (D:7)
5 creatures vanquished.

Vanquished Creatures (others)
  A dart slug zombie (D:1)
1 creature vanquished.

Grand Total: 140 creatures vanquished

Notes
Turn   | Place    | Note
-------+----------+-------------------------------------------
     0 | D:1      | Xavori the Octopode Chaos Knight began the quest for the
                  | Orb.
     0 | D:1      | Reached XP level 1. HP: 16/16 MP: 1/1
   120 | D:1      | Reached XP level 2. HP: 21/21 MP: 2/2
   130 | D:1      | XOM: divination: detect items
   197 | D:1      | Reached skill level 1 in Stealth
   197 | D:1      | Reached XP level 3. HP: 25/26 MP: 3/3
   759 | D:1      | XOM: silly message
   993 | D:1      | XOM: divination: detect creatures
  1115 | D:1      | XOM: divination: detect items
  1612 | D:1      | XOM: summons 4 hostile shadow creatures
  2122 | D:1      | XOM: god gift: plate armour {god gift}
  2335 | D:1      | XOM: summons 3 hostile shadow creatures
  2602 | D:1      | XOM is BORED!
  2602 | D:1      | XOM: give mutations
  2602 | D:1      | Gained mutation: You are vulnerable to cold. (rC-) [Xom's
                  | mischief]
  2602 | D:1      | Lost mutation: You are vulnerable to cold. (rC-) [Xom's
                  | mischief]
  2602 | D:1      | Gained mutation: Your flesh is cold resistant. (rC+) [Xom's
                  | mischief]
  2602 | D:1      | Lost mutation: Your flesh is cold resistant. (rC+) [Xom's
                  | mischief]
  2664 | D:1      | XOM: give mutations
  2664 | D:1      | Gained mutation: You do not regenerate when monsters are
                  | visible. [Xom's mischief]
  2664 | D:1      | Gained mutation: You are strong-willed. (Will+) [Xom's
                  | mischief]
  2664 | D:1      | Gained mutation: You sometimes lose your temper in combat.
                  | [Xom's mischief]
  3361 | D:1      | XOM: summons 4 hostile shadow creatures
  3403 | D:2      | Reached skill level 2 in Stealth
  4443 | D:1      | XOM is BORED!
  4443 | D:1      | XOM: stat loss: -3 Dex (10/13)
  5050 | D:1      | XOM: summons 2 hostile demons
  5533 | D:1      | XOM: summons 2 hostile demons
  5667 | D:1      | XOM is BORED!
  5667 | D:1      | XOM: torment (14/26 hp)
  5823 | D:1      | XOM: god gift: Inescapable Atlas
  5991 | D:1      | XOM: god gift: chain mail {god gift}
  6251 | D:1      | XOM: god gift: staff of conjuration
  6373 | D:1      | XOM: god gift: 6 stones
  6983 | D:1      | XOM: give mutation
  6983 | D:1      | Gained mutation: You have supernaturally acute eyesight.
                  | (SInv) [Xom's grace]
  7206 | D:1      | XOM: divination: detect creatures
  7223 | D:1      | XOM: god gift: wand of paralysis (4)
  7260 | D:1      | XOM is BORED!
  7260 | D:1      | XOM: stat loss: -2 Int (12/14)
  7587 | D:1      | XOM: god gift: dagger {god gift}
  7810 | D:1      | XOM: give mutations
  7810 | D:1      | Gained mutation: You are highly strong-willed. (Will++)
                  | [Xom's grace]
  7810 | D:1      | Gained mutation: Your flesh is cold resistant. (rC+) [Xom's
                  | grace]
  7810 | D:1      | Gained mutation: You are agile. (Dex +4, Str/Int -1) [Xom's
                  | grace]
  8286 | D:1      | XOM is BORED!
  8286 | D:1      | XOM: give mutations
  8286 | D:1      | Lost mutation: You sometimes lose your temper in combat.
                  | [Xom's mischief]
  8286 | D:1      | Gained mutation: You are partially covered in iridescent
                  | scales. (AC +2) [Xom's mischief]
  8666 | D:2      | XOM: god gift: phantom mirror
  8703 | D:2      | Reached XP level 4. HP: 31/31 MP: 4/4
  8791 | D:2      | Reached skill level 3 in Stealth
  8810 | D:2      | XOM: scenery: summon butterflies
  8889 | D:2      | XOM: cloud trail
  9188 | D:3      | XOM: summons 3 hostile demons
  9474 | D:3      | Found a basalt altar of Yredelemnul.
  9595 | D:3      | Found Neet's General Store.
  9600 | D:3      | Bought a scroll of identify for 22 gold pieces
  9600 | D:3      | Bought a potion of curing for 33 gold pieces
  9600 | D:3      | Bought 2 potions of lignification for 66 gold pieces
  9780 | D:3      | Reached skill level 4 in Stealth
  9780 | D:3      | Reached skill level 1 in Evocations
  9780 | D:3      | Reached XP level 5. HP: 36/36 MP: 5/5
  9957 | D:4      | XOM: enchant monster (good)
  9960 | D:4      | Reached skill level 1 in Shapeshifting
 10091 | D:4      | Reached XP level 6. HP: 34/42 MP: 6/6
 10329 | D:4      | XOM: cloud trail
 10531 | D:4      | Reached skill level 5 in Stealth
 10701 | D:4      | XOM: divination: detect items
 10732 | D:4      | XOM: god gift: scroll labelled PERCHO NUBAANEUKHLE {god
                  | gift}
 10750 | D:4      | XOM: give mutations
 10750 | D:4      | Gained mutation: Your spells are a little harder to cast,
                  | but a little more powerful. [Xom's grace]
 10750 | D:4      | Gained mutation: Your spells are harder to cast, but more
                  | powerful. [Xom's grace]
 10874 | D:4      | XOM: god gift: scroll labelled WISMYVVIACS {god gift}
 10917 | D:5      | Entered Level 5 of the Dungeon
 10939 | D:5      | Noticed Duvessa
 10940 | D:5      | Noticed Dowan
 10957 | D:5      | Killed Duvessa
 10958 | D:5      | Reached XP level 7. HP: 14/47 MP: 7/7
 10966 | D:5      | Killed Dowan
 10967 | D:5      | Reached skill level 6 in Stealth
 11134 | D:5      | Identified the +3 ring mail "Xoprargh" {Drain rElec Str+2
                  | Dex+3}
 11283 | D:5      | XOM: divination: magic mapping
 11639 | D:5      | an orc changed into a shapeshifter
 11639 | D:5      | Noticed a shapeshifter (shapeshifter)
 11640 | D:5      | a shapeshifter changed into a polar bear
 11640 | D:5      | Noticed a polar bear (shapeshifter)
 11641 | D:5      | XOM: fake destruction
 11644 | D:5      | XOM: noise
 11648 | D:5      | Killed a polar bear
 11649 | D:5      | Reached XP level 8. HP: 43/54 MP: 8/8
 11753 | D:5      | Reached skill level 7 in Stealth
 11976 | D:5      | You fall into a shaft and drop 2 floors!
 11982 | D:7      | Noticed Maggie
 11985 | D:7      | Reached skill level 5 in Short Blades
 11997 | D:7      | Killed Maggie
 11998 | D:7      | Reached skill level 8 in Stealth
 12032 | D:7      | Noticed a wyvern
 12041 | D:7      | XOM: silly message
 12050 | D:7      | XOM: cast spell 'Summon Mana Viper'
 12053 | D:7      | Killed a wyvern
 12204 | D:7      | Reached XP level 9. HP: 59/59 MP: 9/9
 12245 | D:7      | Found a staircase to the Ecumenical Temple.
 12341 | D:7      | XOM: potion effect (might)
 12382 | D:6      | XOM: enchant monster (good)
 12386 | D:6      | Reached skill level 9 in Stealth
 12405 | D:6      | XOM: smoke on damage
 12413 | D:6      | XOM: enchant monster (good)
 12687 | D:6      | Reached skill level 5 in Fighting
 13144 | D:5      | XOM: god gift: 42 gold pieces
 13246 | D:6      | XOM: god gift: +2 arbalest of chaos
 13280 | D:6      | Reached skill level 5 in Evocations
 13329 | D:6      | XOM: god gift: 3 stones
 13389 | D:6      | XOM: blink monster(s)
 13404 | D:5      | Reached skill level 10 in Stealth
 13410 | D:5      | XOM: stat loss: -1 Int (12/13)
 13442 | D:6      | Reached skill level 5 in Dodging
 13442 | D:6      | HP: 1/57 [wight/+3 short sword (11)]
 13442 | D:6      | Slain by a wight

Illustrated notes

Levels and vault maps discovered:
D:1:      minmay_arrival_stone_box, layout_loops_ring
D:2:      layout_rooms
D:3:      layout_rooms, nicolae_yredelemnul_corpse_copse, serial_shops,
          shop_fountains, minmay_misc_feat_ornament
D:4:      minmay_wonky_spiral, layout_basic, nicolae_grassy_gnolls
D:5:      layout_basic, roderic_serpentine_path, uniq_duvessa
D:6:      layout_basic
D:7:      layout_rooms, minmay_temple_entry_gardened_gates, uniq_maggie

Skill      XL: |  1  2  3  4  5  6  7  8  9 |
---------------+----------------------------+-----
Stealth        | 1 2 4 5 6 8 10 | 10.1
Short Blades   | 4 5 6 |  6.1
Evocations     | 1 2 3 4 5 |  5.3
Shapeshifting  | 1 2 3 4 |  4.4
Dodging        | 3 4 5 |  5.0
Fighting       | 4 5 |  5.3
Shields        | |  0.1

Action                     |  1- 3 |  4- 6 |  7- 9 || total
---------------------------+-------+-------+-------++-------
  Melee: Short sword       |    63 |    97 |   159 ||   319
         Tentacles         |    15 |    24 |    42 ||    81
         Constrict         |    14 |    21 |    36 ||    71
         Punch             |     2 |     3 |     2 ||     7
  Evoke: Wand              |       |       |     2 ||     2
    Use: Potion            |       |     3 |     2 ||     5
         Scroll            |       |     3 |       ||     3
   Stab: Sleeping          |    16 |    14 |    13 ||    43
         Confused          |       |     1 |     2 ||     3
         Petrified         |       |     1 |       ||     1
         Distracted        |       |     1 |     2 ||     3
         Paralysed         |       |       |     4 ||     4
 Armour: Skin              |    18 |    59 |    60 ||   137
  Dodge: Dodged            |    23 |    48 |    72 ||   143
  Block: Buckler           |       |       |    10 ||    10
   Form: Beast             |       |       |     1 ||     1

Table legend: (Time is in decaauts)
 A = Elapsed time spent in this place.
 B = Non-inter-level travel time spent in this place.
 C = Inter-level travel time spent in this place.
 D = Time resting spent in this place.
 E = Time spent auto-exploring this place.
 F = Levels seen in this place.
 G = Mean time per level.
                   A        B        C        D        E       F      G
               +--------+--------+--------+--------+--------+-----+--------+
         Total |  13378 |  13251 |    127 |   8986 |   3246 |   7 | 1911.1 |
       Dungeon |  13378 |  13251 |    127 |   8986 |   3246 |   7 | 1911.1 |
               +--------+--------+--------+--------+--------+-----+--------+

Top non-repeatable levels by time:
     D:1: 7439 daAuts
     D:2: 1786 daAuts
     D:5: 1517 daAuts
     D:4: 1003 daAuts
     D:3: 666 daAuts
     D:7: 646 daAuts
     D:6: 320 daAuts
